 Dungeon Crawl Stone Soup version 0.32-a0-859-gb0a091d592 (webtiles) character file.

Game seed: 14143587988026921659

1335634 gosagan the Conqueror (level 27, 323/323 HPs)
             Began as an Oni Summoner on Mar 27, 2024.
             Was the Champion of the Shining One.
             Escaped with the Orb
             ... and 3 runes!
             The game lasted 05:04:47 (121467 turns).

gosagan the Conqueror (Oni Summoner)              Turns: 121467, Time: 05:04:47

Health: 323/323    AC: 39    Str: 28    XL:     27
Magic:  13/17      EV:  5    Int: 20    God:    the Shining One [******]
Gold:   7606       SH: 38    Dex:  9    Spells: 18/36 levels left

rFire   + + .        D - +9 broad axe (heavy)
rCold   + . .        R - +2 tower shield {reflect}
rNeg    + + +        n - +10 gold dragon scales
rPois   +            J - +0 mask of the Dragon {Will+ Slay+3 SInv}
rElec   +            p - +4 dragonskin cloak {Aegis}
rCorr   +            (gloves unavailable)
SInv    +            (boots unavailable)
Will    +++..        E - amulet of Baont {Faith rElec} Stlth
                     Z - ring "Quelenno" {rC++ rCorr MP-9 Dex-2 Stlth+}
HPRegen 0.73/turn    s - ring "Poprik" {Fire rPois rCorr MP-9 Str+2}
MPRegen 0.15/turn

%: reflection, faith
@: divinely shielded, glowing, studying Staves
A: large, unfitting armour, horns 2, tough skin 1, double potion healing,
drunken brawling, talons 1, thin skeletal structure 1, low MP 1, sense
surroundings 1, cold vulnerability 1, inability to drink after injury 1
0: Orb of Zot
}: 3/15 runes: decaying, serpentine, slimy
a: Renounce Religion, Divine Shield, Cleansing Flame, Summon Divine Warrior


You escaped.
You worshipped the Shining One.
The Shining One was exalted by your worship.
You visited 12 branches of the dungeon, and saw 55 of its levels.
You visited 1 bazaar.
You visited 1 ziggurat, and saw 4 of its levels.
You also visited: Bailey and Gauntlet.

You collected 8776 gold pieces.
You spent 1170 gold pieces at shops.

Inventory:

Hand Weapons
 c - the +5 broad axe "Suunnal" {elec, rF+++}
   (You acquired it in a bailey)

   rF+++:     It renders you almost immune to fire.
 D - a +9 heavy broad axe (weapon)
Missiles
 b - 47 boomerangs
 y - 19 poisoned darts
Armour
 n - +10 gold dragon scales (worn)
 p - the +4 dragonskin cloak (worn) {Aegis}
   (You took it off Tiamat on level 1 of the Realm of Zot)

   Avatar's Aegis: It grants the wearer a chance to resist fire, cold, poison,
   electricity, acid, and negative energy.
 G - +2 ice dragon scales
 J - the +0 mask of the Dragon (worn) {Will+ Slay+3 SInv}
   (You bought it in a shop in a bazaar)

   Slay+3:    It affects your accuracy & damage with ranged weapons and melee
   (+3).
   Will+:     It increases your willpower.
   SInv:      It lets you see invisible.
 R - a +2 tower shield of reflection (worn)
 S - a +2 cloak of willpower
Jewellery
 s - the ring "Poprik" (right hand) {Fire rPois rCorr MP-9 Str+2}
   (You found it on level 3 of the Elven Halls)

   [ring of fire]

   Fire:      It enhances your fire magic.
   Str+2:     It affects your strength (+2).
   rF+:       It protects you from fire.
   rC-:       It makes you vulnerable to cold.
   rPois:     It protects you from poison.
   MP-9:      It affects your magic capacity (-9).
   rCorr:     It protects you from acid and corrosion.
 w - a +4 ring of slaying
 E - the amulet of Baont (around neck) {Faith rElec}
   (You found it on level 8 of the Dungeon)

   [amulet of faith]

   Faith:     It allows you to gain divine favour quickly.
   rElec:     It insulates you from electricity.
 M - the ring "Enny" {rElec rF+ rC+ Dex-2}
   (You took it off a deep elf annihilator on level 3 of the Elven Halls)

   [ring of protection from cold]

   Dex-2:     It affects your dexterity (-2).
   rF+:       It protects you from fire.
   rC+:       It protects you from cold.
   rElec:     It insulates you from electricity.
 P - a +4 ring of protection
 T - the ring of Xitzis {Will+ Str+3 SInv}
   (You found it in a Gauntlet)

   [ring of willpower]

   Str+3:     It affects your strength (+3).
   Will+:     It increases your willpower.
   SInv:      It lets you see invisible.
 U - a ring of protection from cold
 Z - the ring "Quelenno" (left hand) {rC++ rCorr MP-9 Dex-2 Stlth+}
   (You bought it in a shop on level 2 of the Elven Halls)

   [ring of resist corrosion]

   Dex-2:     It affects your dexterity (-2).
   rC++:      It greatly protects you from cold.
   MP-9:      It affects your magic capacity (-9).
   rCorr:     It protects you from acid and corrosion.
   Stlth+:    It makes you more stealthy.
Wands
 k - a wand of iceblast (43)
 q - a wand of flame (63) (quivered)
 z - a wand of charming (53)
 B - a wand of acid (13)
 L - a wand of digging (2)
 W - a wand of mindburst (32)
Scrolls
 a - 3 scrolls of fear
 d - 4 scrolls of revelation
 f - 14 scrolls of amnesia
 l - a scroll of butterflies
 o - a scroll of brand weapon
 r - 5 scrolls of poison
 x - 13 scrolls of teleportation
 I - 9 scrolls of immolation
 K - 3 scrolls of vulnerability
 V - a scroll of silence
Potions
 e - 5 potions of enlightenment
 g - a potion of berserk rage
 h - 6 potions of brilliance
 i - 5 potions of curing
 m - 7 potions of attraction
 t - 2 potions of ambrosia
 F - 10 potions of resistance
 N - 3 potions of magic
 Q - 6 potions of lignification
Miscellaneous
 u - a lightning rod (4/4)
 v - a condenser vane
 C - a box of beasts
 H - a Gell's gravitambourine (2/2)


   Skills:
 O Level 27 Fighting
 - Level 22.5 Axes
 - Level 19.0 Armour
 - Level 8.0 Dodging
 - Level 1.4 Stealth
 + Level 20.4 Shields
 - Level 5.0 Spellcasting
 - Level 11.0 Summonings
 - Level 4.0 Fire Magic
 - Level 2.0 Air Magic
 - Level 25.1 Invocations
 - Level 4.0 Evocations


You had 18 spell levels left.
You knew the following spells:

 Your Spells              Type           Power      Damage    Failure   Level
a - Summon Small Mammal   Summ           100%       N/A       2%          1
b - Swiftness             Air            13%        N/A       96%         3
c - Call Canine Familiar  Summ           49%        N/A       8%          3
d - Summon Blazeheart Go  Fire/Summ      51%        N/A       71%         4
e - Summon Lightning Spi  Summ/Air       31%        N/A       83%         4
f - Blink                 Tloc           10%        N/A       98%         2
g - Apportation           Tloc           10%        N/A       92%         1

Your spell library contained the following spells:

 Spells                   Type           Power      Damage    Failure   Level
 Call Imp                 Summ           98%        N/A       3%          2
 Scorch                   Fire           62%        2d7       54%         2
 Shock                    Conj/Air       36%        1d5       83%         1
 Freeze                   Ice            20%        1d4       92%         1
 Necrotise                Necr           20%        1d5       92%         1
 Slow                     Hex            20%        N/A       92%         1
 Sting                    Conj/Alch      20%        1d4       92%         1
 Mercury Vapours          Alch/Air       18%        N/A       92%         2
 Static Discharge         Conj/Air       18%        3-4/arc   92%         2
 Animate Armour           Summ/Erth      54%        N/A       93%         4
 Cigotuvi's Dreadful Rot  Necr/Alch/Air  14%        N/A       95%         2
 Inner Flame              Hex/Fire       19%        N/A       96%         3
 Volatile Blastmotes      Fire/Tloc      38%        2d13      96%         3
 Ensorcelled Hibernation  Hex/Ice        10%        N/A       98%         2
 Lesser Beckoning         Tloc           10%        N/A       98%         2
 Momentum Strike          Conj/Tloc      10%        3d8       98%         2
 Sublimation of Blood     Necr           5%         N/A       98%         2
 Summon Cactus Giant      Summ           24%        N/A       98%         6
 Mephitic Cloud           Conj/Alch/Air  7%         N/A       99%         3
 Confusing Touch          Hex            5%         N/A       100%        3
 Dazzling Flash           Conj/Hex       10%        N/A       100%        3
 Frozen Ramparts          Ice            10%        1d2       100%        3
 Fugue of the Fallen      Necr           5%         N/A       100%        3
 Hailstorm                Conj/Ice       5%         3d5       100%        3
 Passwall                 Erth           5%         N/A       100%        3
 Sigil of Binding         Hex            5%         N/A       100%        3
 Stone Arrow              Conj/Erth      10%        3d7       100%        3
 Teleport Other           Tloc           5%         N/A       100%        3
 Tukima's Dance           Hex            5%         N/A       100%        3
 Vampiric Draining        Necr           5%         2d6       100%        3
 Airstrike                Air            6%         2d(1-17)  100%        4
 Anguish                  Hex/Necr       2%         N/A       100%        4
 Dimensional Bullseye     Hex/Tloc       2%         N/A       100%        4
 Flame Wave               Conj/Fire      19%        2d7       100%        4
 Fulminant Prism          Conj/Alch      2%         3d5       100%        4
 Ignite Poison            Fire/Alch      19%        N/A       100%        4
 Iskenderun's Mystic Bla Conj/Tloc 5%             2d3        (+2d1     100%        4
 Leda's Liquefaction      Alch/Erth      2%         N/A       100%        4
 Maxwell's Portable Pile  Tloc           5%         2d(6-11)  100%        4
 Olgreb's Toxic Radiance  Alch           5%         N/A       100%        4
 Passage of Golubria      Tloc           5%         N/A       100%        4
 Petrify                  Alch/Erth      5%         N/A       100%        4
 Sticky Flame             Fire/Alch      19%        2d6       100%        4
 Vhi's Electric Charge    Tloc/Air       18%        N/A       100%        4
 Arcjolt                  Conj/Air       4%         1d14      100%        5
 Curse of Agony           Necr           5%         N/A       100%        5
 Fireball                 Conj/Fire      9%         3d6       100%        5
 Freezing Cloud           Conj/Ice/Air   3%         6-21      100%        5
 Irradiate                Conj/Alch      2%         3d12      100%        5
 Metabolic Englaciation   Hex/Ice        2%         N/A       100%        5
 Silence                  Hex/Air        4%         N/A       100%        5
 Summon Mana Viper        Hex/Summ       27%        N/A       100%        5
 Yara's Violent Unravell  Hex/Alch       2%         3d3       100%        5
 Bombard                  Conj/Erth      2%         9d1       100%        6
 Conjure Ball Lightning   Conj/Air       4%         3x3d6     100%        6
 Dispersal                Tloc           2%         N/A       100%        6
 Gell's Gavotte           Tloc           2%         2d(12-18) 100%        6
 Plasma Beam              Fire/Air       12%        2x1d23    100%        6
 Sculpt Simulacrum        Ice/Alch       2%         N/A       100%        6
 Monstrous Menagerie      Summ           24%        N/A       100%        7
 Ozocubu's Refrigeration  Ice            2%         4d8       100%        7
 Discord                  Hex            2%         N/A       100%        8
 Disjunction              Tloc           2%         N/A       100%        8
 Lehudib's Crystal Spear  Conj/Erth      2%         10d2      100%        8
 Maxwell's Capacitive Co  Air            6%         ∞         100%        8
 Fire Storm               Conj/Fire      9%         8d3       100%        9
 Polar Vortex             Ice            2%         N/A       100%        9


Dungeon Overview and Level Annotations

Branches:
Dungeon (15/15)            Temple (1/1) D:5            Lair (5/5) D:8
  Swamp (4/4) Lair:2        Snake (4/4) Lair:2        Slime (5/5) Lair:4
    Orc (2/2) D:10            Elf (3/3) Orc:2        Vaults (4/5) D:14
  Crypt (3/3) Vaults:2     Depths (4/4) D:15            Zot (5/5) Depths:4
 Bailey (visited)         Gauntlet (visited)
   Tomb: Crypt:3

Altars:
Ashenzari
Cheibriados
Dithmenos
Elyvilon
Fedhas
Gozag
Hepliaklqana
Kikubaaqudgha
Makhleb
Nemelex Xobeh
Okawaru
Qazlal
Ru
Sif Muna
Trog
Uskayaw
Vehumet
Wu Jian
Xom
Yredelemnul
Zin
The Shining One
Beogh
Jiyva

Shops:
D:9 (   D:12 =[   Orc:1 *   Orc:2 [=[[   Elf:1 [   Elf:2 =   Elf:3 (
Snake:2 [[=   Snake:3 [   Snake:4 =   Vaults:2 *   Vaults:4 [*[(?
Depths:4 :=:

Portals:
Hell: Depths:1 Depths:2 Depths:3 Depths:4
Abyss: Depths:2 Depths:3
Pandemonium: Depths:2
Trove: Depths:3 (show abyssal rune of Zot)

Annotations:
D:9 2 transporters, sirdedalot's ghost, journeyman CoHu
Lair:3 exclusion: oklob plant
Lair:5 exclusion: oklob plant
Elf:2 3 runed translucent doors
Vaults:2 3 runed translucent doors, Yhagabbo's ghost, adept DrCj
Vaults:3 1 runed translucent door, jasper's ghost, adept DsFi
Depths:1 1 runed translucent door, Cein's ghost, veteran DgCj
Zot:4 3 transporters


Innate Abilities, Weirdness & Mutations

You are too large for most types of armour.
You have a pair of horns on your head.
You have tough skin. (AC +1)
You gain doubled healing and magic from potions.
Whenever you drink a healing potion, you attack all around you.
You have sharp toenails.
You have a somewhat thin skeletal structure. (Dex +2, Stealth+)
Your magical capacity is low. (-10% MP)
You passively map a small area around you.
You are vulnerable to cold. (rC-)
You occasionally lose the ability to drink potions when taking damage.


Message History

Your daeva blocks the profane servitor's attack.
Your daeva hits the profane servitor with a +4 scimitar of holy wrath.
Your daeva hits the profane servitor but does no damage.
The profane servitor hits your daeva with a +3 whip. x2
Your daeva hits the profane servitor with a +4 scimitar of holy wrath!
Your daeva hits the profane servitor with a +4 scimitar of holy wrath!!
The profane servitor hits your daeva with a +3 whip!
The profane servitor misses your daeva.
The profane servitor hits your daeva with a +3 whip.
Your daeva blocks the profane servitor's attack.
Your daeva hits the profane servitor but does no damage.
Your daeva closely misses the profane servitor.
The profane servitor hits your daeva with a +3 whip.
Your daeva blocks the profane servitor's attack.
Your daeva completely misses the profane servitor.
Your daeva hits the profane servitor with a +4 scimitar of holy wrath!
Your daeva blocks the profane servitor's attack. x2
The profane servitor hits your daeva with a +3 whip!!
Your daeva blocks the profane servitor's attack.
Your daeva hits the profane servitor with a +4 scimitar of holy wrath!
Your daeva hits the profane servitor with a +4 scimitar of holy wrath.
Your daeva blocks the profane servitor's attack.
The profane servitor hits your daeva with a +3 whip.
Your daeva hits the profane servitor with a +4 scimitar of holy wrath.
Your daeva hits the profane servitor with a +4 scimitar of holy wrath!
Something closely misses your daeva. Something hits your daeva.
Something hits your daeva! Something hits your daeva.
Something hits your daeva!
Your daeva blocks something's attack.
Something hits your daeva but does no damage.
Your daeva blocks something's attack.
Something hits your daeva!!
Your daeva blocks something's attack.
You see here a +0 club.
A shadow demon and a demonspawn corrupter come into view.
The demonspawn corrupter is wielding a +2 demon trident of flaming.
The shadow demon croaks.
The demonspawn corrupter shouts!
The demonspawn corrupter calls forth creatures from the Crypt!
The demonspawn corrupter calls forth creatures from the Tomb of the Ancients!
There is an open door here.
There is a staircase leading out of the dungeon here.
You have escaped!

##.# #..# ###.##
..#.# #[#.#
############ #.#.#
#......#...# #.#.#
#.###..#...# #.#[#
#.#....#'###
....###.#.⌠....#@#
#.#.##A6....#..#V#
#)#....2..####.'.#
#.####......#..#.#
#.# ##.#.⌠....#.#
..# #.#....#'###
### #.###..#...#
#......#...#
############


You could see a vampire knight (summoned).

Vanquished Creatures
  the Royal Jelly (Slime:5)
  Dissolution (Slime:2)
  A dread lich (Zot:5)
  Tiamat (Zot:1)
  An ancient lich (D:3)
  2 orbs of fire
  Mara (Swamp:3)
  Josephina (Zot:1)
  A juggernaut (Depths:2)
  Xtahua (Vaults:4)
  5 Killer Klowns (Zot:5)
  Vashnia (Snake:1)
  Saint Roka (Elf:3)
  Bai Suzhen (Vaults:2)
  A curse toe (Zot:2)
  3 caustic shrikes
  8 golden dragons
  2 bone dragons (Depths:4)
  A profane servitor (D:1)
  Nikola (Swamp:2)
  4 electric golems
  2 Tzitzimimeh
  A Brimstone Fiend (Zot:5)
  15 tentacled monstrosities
  A Hell Sentinel (Depths:1)
  2 deep elf blademasters
  4 liches
  26 Orb Guardians
  8 quicksilver dragons
  Asterion (Elf:3)
  A titan (Depths:2)
  6 sphinxes
  2 deep elf master archers (Elf:3)
  16 acid blobs
  2 ancient champions
  A tengu reaver (Depths:4)
  2 thorn hunters (Swamp:4)
  Agnes (D:15)
  Roxanne (Swamp:2)
  9 death cobs
  6 shadow dragons
  Aizul (Snake:2)
  A revenant (Crypt:1)
  15 storm dragons
  7 deep elf sorcerers
  Donald (Swamp:2)
  4 nagarajas
  9 protean progenitors
  4 rockslimes
  12 draconian monks
  A balrug (Depths:1)
  9 azure jellies
  An iron dragon (Depths:2)
  4 draconian shifters
  8 frost giants
  8 draconian knights
  7 draconian scorchers
  4 fire giants
  2 curse skulls (Crypt:2)
  Louise (Swamp:4)
  15 vault wardens
  6 deep elf elementalists (Elf:3)
  5 spectral caustic shrikes (Depths:4)
  2 ghost moths
  7 orc warlords
  A ghoul (Crypt:1)
  12 quicksilver oozes
  An angel (D:12)
  7 draconian annihilators
  11 draconian stormcallers
  14 very ugly things
  15 ironbound preservers
  8 ironbound thunderhulks
  9 stone giants
  4 formless jellyfish
  A spriggan defender (Depths:1)
  8 vampire knights
  A caustic shrike skeleton (Depths:2)
  8 eleionomae
  15 green draconians
  5 deep elf demonologists (Elf:3)
  7 dire elephants
  3 deep elf death magi (Elf:3)
  16 red draconians
  A lorocyproca (D:15)
  11 deep elf annihilators
  7 spark wasps
  A war gargoyle (Vaults:4)
  15 black draconians
  25 yellow draconians
  6 bunyips
  17 purple draconians
  Snorg (D:10)
  16 white draconians
  8 ettins
  A blizzard demon (Depths:1)
  6 yaktaur captains
  10 fire dragons
  4 eidola
  7 jiangshi
  2 shambling mangroves
  3 deep elf high priests
  2 entropy weavers
  Fannar (Lair:3)
  5 great orbs of eyes
  2 jorogumos (Zot:5)
  A salamander tyrant (Snake:1)
  9 ice dragons
  5 ghost crabs
  3 catoblepae (Lair:5)
  4 rakshasas
  4 hell beasts (Depths:1)
  An ogre mage (D:14)
  5 spriggan air magi
  24 hydras
  13 vault guards
  7 ironbound frosthearts
  A peacekeeper (Vaults:4)
  19 centaur warriors
  28 dancing weapons
  The ghost of Griffin23 the Carver, a novice MiFi of Trog (D:10)
  22 anacondas
  8 alligators
  8 boulder beetles
  2 two-headed ogres
  5 deep troll earth magi
  5 death knights
  17 death yaks
  5 deep troll shamans
  A demonic crawler (Zig:3)
  23 naga warriors
  3 vampire magi
  8 shock serpents
  3 spriggan berserkers
  4 tengu warriors
  An emperor scorpion zombie (Crypt:2)
  23 deep elf knights
  8 hell knights
  3 shadow wraiths
  21 naga sharpshooters
  4 orc high priests
  9 soul eaters
  2 sun demons
  21 skeletal warriors
  8 iron trolls
  6 occultists
  6 salamander mystics
  3 skysharks
  8 goliath frogs
  A death drake (Swamp:2)
  23 mana vipers
  An obsidian statue (Depths:1)
  A bunyip zombie (Crypt:1)
  3 sea snakes (Zot:2)
  56 deep trolls
  12 ironbound convokers
  5 flayed ghosts
  2 spriggan druids (Swamp:4)
  A sixfirhy (Depths:1)
  6 glowing orange brains
  8 swamp dragons
  10 phantasmal warriors
  7 arcanists
  A thermic dynamo (Elf:1)
  14 naga ritualists
  9 deep elf archers
  2 bog bodies
  A lindwurm (shapeshifter) (Vaults:4)
  15 orc knights
  4 harpies
  A shadow dragon skeleton (Crypt:1)
  3 will-o-the-wisps
  22 deep elf pyromancers
  12 lindwurms
  8 necromancers
  5 cyclopes
  3 wolf spiders
  3 obsidian bats
  19 deep elf zephyrmancers
  2 oklob plants (Zot:2)
  A stone giant zombie (Crypt:2)
  16 salamanders
  A cyclops (shapeshifter) (Depths:2)
  35 ugly things
  21 moths of wrath
  9 manticores
  3 orc sorcerers
  A guardian serpent (shapeshifter) (D:15)
  A meliai (shapeshifter) (Elf:1)
  9 shining eyes
  2 kobold blastminers
  An eye of devastation (shapeshifter) (Elf:1)
  11 guardian serpents
  3 black mambas (shapeshifter) (Elf:1)
  6 elephants
  39 black mambas
  19 vault sentinels
  A smoke demon (Zot:5)
  5 eyes of devastation
  A water nymph (Zig:1)
  An alligator snapping turtle zombie (Crypt:2)
  3 orange demons
  2 centaur skeletons
  11 naga magi
  A storm dragon simulacrum (Zot:1)
  3 gargoyles
  A dire elephant skeleton (Crypt:1)
  11 cane toads
  A cane toad (shapeshifter) (Vaults:4)
  7 komodo dragons
  2 unseen horrors (D:13)
  6 freezing wraiths
  A green draconian zombie (Crypt:2)
  3 efreet
  A kobold demonologist (D:11)
  A rime drake (Lair:2)
  A sea snake zombie (Crypt:1)
  39 yaktaurs
  2 ice devils
  11 tengu conjurers
  A polar bear (Lair:5)
  A guardian mummy (Crypt:1)
  4 trolls
  3 red devils
  A golden dragon simulacrum (Zot:1)
  A harpy zombie (D:15)
  A white draconian skeleton (Crypt:1)
  A shadow dragon simulacrum (Zot:1)
  A hellwing (Depths:1)
  4 tyrant leeches
  A raiju (shapeshifter) (D:15)
  8 hornets
  A dream sheep (shapeshifter) (Depths:2)
  4 glass eyes
  2 harpy skeletons
  A dream sheep (Lair:2)
  21 blink frogs
  A jumping spider (Vaults:1)
  4 spriggans
  A spriggan (shapeshifter) (Elf:1)
  5 air elementals
  4 shadows
  102 slime creatures
  3 water elementals
  A culicivora (Zig:3)
  A vampire (D:14)
  A ynoxinul (Depths:1)
  An ettin skeleton (Crypt:1)
  4 fire elementals
  A yak (shapeshifter) (Elf:1)
  3 wyverns
  2 basilisks
  22 yaks
  10 wraiths
  5 nameless horrors
  3 redbacks
  A steam dragon (D:9)
  13 vampire mosquitoes
  A chaos spawn (D:14)
  3 neqoxecs
  4 wargs
  15 swamp worms
  54 nagas
  A water moccasin (shapeshifter) (D:15)
  An acid dragon (D:9)
  12 water moccasins
  A sky beast (D:7)
  10 swamp drakes
  A hornet zombie (D:7)
  21 orc warriors
  An ice beast (D:6)
  16 wolves
  13 laughing skulls
  3 ogres
  3 boggarts (Vaults:2)
  6 centaurs
  A lemure (D:3)
  8 bullfrogs
  A naga simulacrum (Crypt:2)
  A scorpion (D:6)
  A yaktaur skeleton (Crypt:1)
  5 wights
  2 killer bees (D:11)
  2 troll zombies (D:10)
  3 electric eels (Lair:2)
  A yak skeleton (Crypt:1)
  A bombardier beetle (D:5)
  3 centaur zombies
  A basilisk zombie (Crypt:2)
  A hound (shapeshifter) (Elf:1)
  8 orc priests
  A sleepcap (D:6)
  14 jellies
  A black bear skeleton (Crypt:2)
  3 human zombies (Crypt:1)
  3 human skeletons (Crypt:1)
  14 orc wizards
  10 hell rats
  A wolf simulacrum (Lair:2)
  A killer bee zombie (D:7)
  4 ogre zombies (D:10)
  A naga skeleton (Crypt:2)
  A boggart simulacrum (D:15)
  3 mummies (Crypt:1)
  2 howler monkey zombies (D:7)
  2 gnolls
  A shadow imp (Gauntlet)
  41 orcs
  A goblin (Bailey)
  A hobgoblin (Bailey)
  4 kobolds
  2 bats
  An endoplasm zombie (Crypt:2)
  A gnoll skeleton (D:10)
  2 gnoll zombies (D:10)
  An orc skeleton (D:10)
  7 orc zombies (D:10)
  An aspiring flesh (Zot:3)
  2 spectral weapons
2067 creatures vanquished.

Vanquished Creatures (collateral kills)
  Parghit (Zot:1)
  Jorgrun (Orc:1)
  A tentacled monstrosity (Zot:1)
  A minotaur (Gauntlet)
  A white draconian (Zot:1)
  Harold (D:10)
  2 hydras
  An orc high priest (Orc:2)
  A death yak (Lair:5)
  A spriggan (Swamp:2)
  Pikel (D:3)
  An orc knight (Orc:2)
  An orc sorcerer (Orc:2)
  A cyclops (D:14)
  A manticore (D:11)
  A black mamba (Lair:5)
  2 elephants
  A slime creature (D:14)
  2 kobold blastminers (Orc:1)
  A cane toad (Lair:2)
  A torpor snail (Lair:2)
  Jeremiah (D:6)
  A rime drake (Lair:1)
  An unseen horror (D:10)
  3 komodo dragons
  Maggie (D:10)
  A kobold demonologist (D:11)
  A polar bear (Lair:4)
  A hornet (Swamp:2)
  A blink frog (Lair:3)
  2 dream sheep (Lair:2)
  A wyvern (Lair:3)
  3 shadows
  6 yaks
  2 steam dragons
  6 water moccasins
  A black bear (D:4)
  A sky beast (D:8)
  2 ogres
  3 orc warriors (Bailey)
  A hornet zombie (D:7)
  An ice beast (D:6)
  A wolf (Lair:2)
  2 centaurs
  A phantom (D:4)
  8 bullfrogs
  2 wyvern zombies (D:7)
  5 scorpions
  A water moccasin zombie (D:7)
  16 wights
  A killer bee (D:11)
  2 elephant simulacra (Lair:2)
  A howler monkey (D:6)
  4 hounds
  2 jellies
  5 orc priests
  2 gnoll boudas
  A sleepcap (D:5)
  Jessica (D:2)
  Natasha (thrice) (D:3)
  4 iguanas
  5 orc wizards
  A hell rat (Lair:3)
  2 killer bee zombies (D:7)
  A wolf simulacrum (Lair:2)
  Robin (D:2)
  5 adders
  9 gnolls
  2 shadow imps (D:7)
  A dart slug (D:3)
  2 ribbon worms
  32 orcs
  5 endoplasms
  2 giant cockroaches
  17 goblins
  15 hobgoblins
  3 jackals (D:2)
  3 quokkas
  3 ball pythons
  3 bats
  3 frilled lizards
  A gnoll zombie (D:10)
  21 kobolds
  An orc skeleton (D:10)
  6 orc zombies (D:10)
  4 rats
274 creatures vanquished.

Vanquished Creatures (others)
  A Tzitzimitl (D:13)
  A quicksilver dragon (Zot:4)
  A deep elf elementalist (Elf:3)
  2 spriggans (Swamp:3)
  A deep elf knight (Elf:1)
  A sixfirhy (D:10)
  A deep elf archer (Elf:1)
  A deep elf zephyrmancer (Elf:1)
  2 deep elf pyromancers (Elf:1)
  2 will-o-the-wisps
  An ice devil (D:13)
  A ghost moth simulacrum (Zot:1)
  A bloated husk (Swamp:1)
  A hornet (Swamp:3)
  A vampire mosquito (Swamp:1)
  2 swamp worms
  An orc priest (Orc:2)
  An orc wizard (Orc:2)
  58 blazeheart cores
  25 foxfires
105 creatures vanquished.

Grand Total: 2446 creatures vanquished

Notes
Turn   | Place    | Note
-------+----------+-------------------------------------------
     0 | D:1      | gosagan the Oni Summoner began the quest for the Orb.
     0 | D:1      | Reached XP level 1. HP: 16/16 MP: 3/3
   199 | D:1      | Reached XP level 2. HP: 17/24 MP: 3/5
   524 | D:1      | Learned a level 2 spell: Call Imp
  1137 | D:2      | Reached XP level 3. HP: 20/31 MP: 2/6
  1458 | D:2      | Noticed Robin
  1464 | D:2      | Reached skill level 5 in Summonings
  1496 | D:2      | Reached XP level 4. HP: 30/39 MP: 0/7
  1500 | D:2      | Killed Robin
  1605 | D:2      | Learned a level 3 spell: Call Canine Familiar
  2028 | D:2      | Noticed Jessica
  2041 | D:2      | Killed Jessica
  2362 | D:2      | Reached XP level 5. HP: 45/45 MP: 5/8
  2723 | D:3      | Noticed Natasha
  2745 | D:3      | Killed Natasha
  2866 | D:3      | Noticed Natasha
  2886 | D:3      | Killed Natasha
  3409 | D:3      | Found an ancient bone altar of Kikubaaqudgha.
  3409 | D:3      | Found a shadowy altar of Dithmenos.
  3494 | D:3      | Found a bloodstained altar of Trog.
  3497 | D:3      | Found a snail-covered altar of Cheibriados.
  4137 | D:4      | Reached skill level 1 in Fire Magic
  4137 | D:4      | Reached XP level 6. HP: 53/53 MP: 4/10
  4199 | D:4      | Learned a level 4 spell: Summon Blazeheart Golem
  4263 | D:4      | Noticed Pikel
  4366 | D:3      | Noticed Natasha
  4408 | D:3      | Killed Natasha
  4677 | D:3      | Killed Pikel
  4678 | D:3      | Reached XP level 7. HP: 26/59 MP: 2/11
  4823 | D:4      | Reached XP level 8. HP: 67/67 MP: 5/12
  5456 | D:4      | Upgraded the game from 0.32-a0-841-g4648e6c457 to
                  | 0.32-a0-859-gb0a091d592
  5471 | D:5      | Entered Level 5 of the Dungeon
  6574 | D:5      | Found a staircase to the Ecumenical Temple.
  6586 | Temple   | Entered the Ecumenical Temple
  6619 | Temple   | Became a worshipper of Elyvilon the Healer
  6700 | D:5      | Reached skill level 5 in Spellcasting
  6700 | D:5      | Reached XP level 9. HP: 74/74 MP: 13/16
  7369 | D:6      | Reached skill level 10 in Summonings
  7749 | D:6      | Reached * piety under Elyvilon
  7755 | D:6      | Learned a level 4 spell: Summon Lightning Spire
  8028 | D:6      | Noticed Jeremiah
  8288 | D:6      | Killed Jeremiah
  8289 | D:6      | Reached skill level 2 in Fighting
  8352 | D:6      | You fall into a shaft and drop 3 floors!
  8368 | D:9      | Reached skill level 3 in Fighting
  8388 | D:9      | Reached skill level 4 in Fighting
  8398 | D:9      | Reached skill level 5 in Fighting
  8400 | D:9      | Reached XP level 10. HP: 45/96 MP: 11/17
  8588 | D:8      | Reached skill level 6 in Fighting
  8698 | D:8      | Found a burning altar of Makhleb.
  8729 | D:8      | Found a shimmering blue altar of Sif Muna.
  8816 | D:8      | Found a staircase to the Lair.
  8830 | D:8      | Reached skill level 7 in Fighting
  8884 | D:8      | Reached ** piety under Elyvilon
  8936 | D:8      | Identified the amulet of Baont {Faith rElec}
  8954 | D:7      | Found a flagged portal.
  8959 | Bailey   | Entered a bailey
  8981 | Bailey   | Noticed an orc warlord
  8991 | Bailey   | Was placed under penance by Elyvilon
  8992 | Bailey   | Reached skill level 8 in Fighting
  9236 | Bailey   | Noticed an orc knight
  9251 | Bailey   | Killed an orc knight
  9252 | Bailey   | Reached skill level 9 in Fighting
  9409 | Bailey   | Found a runed translucent gate.
  9411 | Bailey   | Found a runed translucent gate.
  9413 | Bailey   | Found a runed translucent gate.
  9498 | Bailey   | Reached skill level 1 in Invocations
  9775 | Bailey   | Killed an orc warlord
  9984 | Bailey   | Got Feqyrch's Tome of Overhead Invitation
 10001 | Bailey   | Acquired the +5 broad axe "Suunnal" {elec, rF+++}
 10054 | D:7      | Reached skill level 1 in Axes
 10306 | D:7      | Reached XP level 11. HP: 117/117 MP: 12/18
 10540 | D:7      | Was forgiven by Elyvilon
 10642 | D:7      | Reached skill level 5 in Axes
 12056 | D:9      | Noticed sirdedalot's ghost (journeyman CoHu)
 12078 | D:9      | Reached *** piety under Elyvilon
 12277 | D:9      | Found Zeud's Antique Weapon Shoppe.
 12474 | D:9      | Learned a level 3 spell: Swiftness
 12477 | D:9      | Learned a level 2 spell: Blink
 12493 | D:9      | Found a transporter.
 12496 | D:9      | Found a transporter.
 12601 | D:9      | Noticed a purple ugly thing
 12770 | D:10     | Entered Level 10 of the Dungeon
 13088 | D:10     | Noticed Snorg
 13107 | D:10     | Killed Snorg
 13464 | D:10     | Found a runed translucent door.
 13464 | D:10     | Noticed a manticore
 13465 | D:10     | Noticed Griffin23's ghost (novice MiFi)
 13609 | D:10     | Found a staircase to the Orcish Mines.
 13643 | D:10     | Reached **** piety under Elyvilon
 13769 | D:10     | Noticed Harold
 13776 | D:10     | Killed Harold
 13875 | D:10     | Paralysed by a hornet for 1 turns
 13941 | D:10     | Reached skill level 10 in Axes
 14110 | D:10     | Reached XP level 12. HP: 98/126 MP: 17/19
 14139 | D:10     | Noticed Maggie
 14146 | D:10     | Killed Maggie
 15117 | D:10     | Gained mutation: You occasionally shout uncontrollably at
                  | your foes. [potion of mutation]
 15117 | D:10     | Gained mutation: You occasionally lose the ability to read
                  | scrolls when taking damage. [potion of mutation]
 15117 | D:10     | Lost mutation: You occasionally lose the ability to read
                  | scrolls when taking damage. [potion of mutation]
 15117 | D:10     | Gained mutation: You possess an exceptional clarity of
                  | mind. [potion of mutation]
 15631 | D:11     | Found Zin's Purification Station.
 15636 | D:11     | Found a glowing silver altar of Zin.
 15644 | D:11     | Noticed a sun demon
 15671 | D:11     | Noticed a soul eater
 15792 | D:11     | Bought a potion of curing for 90 gold pieces
 16015 | Lair:1   | Entered Level 1 of the Lair of Beasts
 16186 | Lair:1   | Found a gate leading to a gauntlet.
 16191 | Gauntlet | Entered a Gauntlet
 16191 | Gauntlet | Found a transporter.
 16191 | Gauntlet | Reached ***** piety under Elyvilon
 16229 | Gauntlet | Noticed a soul eater
 16231 | Gauntlet | Found a transporter.
 16246 | Gauntlet | Found a transporter.
 16248 | Gauntlet | Found a large runed translucent door.
 16248 | Gauntlet | Found a large runed translucent door.
 16249 | Gauntlet | Found a large runed translucent door.
 16249 | Gauntlet | Found a large runed translucent door.
 16250 | Gauntlet | Found a large runed translucent door.
 16250 | Gauntlet | Found a large runed translucent door.
 16250 | Gauntlet | Found a runed translucent door.
 16250 | Gauntlet | Found a runed translucent door.
 16250 | Gauntlet | Found a large runed translucent door.
 16251 | Gauntlet | Found a transporter.
 16266 | Gauntlet | Found a transporter.
 16281 | Gauntlet | Found a large runed translucent door.
 16282 | Gauntlet | Found a large runed translucent door.
 16283 | Gauntlet | Found a large runed translucent door.
 16283 | Gauntlet | Found a large runed translucent door.
 16284 | Gauntlet | Found a runed translucent gate.
 16285 | Gauntlet | Found a transporter.
 16285 | Gauntlet | Found a runed translucent gate.
 16286 | Gauntlet | Found a runed translucent gate.
 16287 | Gauntlet | Found a large runed translucent door.
 16287 | Gauntlet | Found a large runed translucent door.
 16288 | Gauntlet | Found a large runed translucent door.
 16289 | Gauntlet | Found a large runed translucent door.
 16297 | Gauntlet | Found a transporter.
 16301 | Gauntlet | Noticed a ghost crab
 16309 | Gauntlet | Found a transporter.
 16315 | Gauntlet | Found a transporter.
 16315 | Gauntlet | Found a transporter.
 16330 | Gauntlet | Found a transporter.
 16342 | Gauntlet | Found a transporter.
 16348 | Gauntlet | Found a transporter.
 16348 | Gauntlet | Found a transporter.
 16387 | Gauntlet | Found a transporter.
 16414 | Gauntlet | Found a transporter.
 16432 | Gauntlet | Found a transporter.
 16434 | Gauntlet | Found a transporter.
 16508 | Gauntlet | Found a large runed translucent door.
 16711 | Gauntlet | Identified the ring of Xitzis {Will+ Str+3 SInv}
 16752 | Gauntlet | Noticed a minotaur
 16759 | Gauntlet | Killed a minotaur
 16760 | Gauntlet | Reached skill level 5 in Invocations
 18449 | Lair:2   | Reached ****** piety under Elyvilon
 18506 | Lair:2   | Found a staircase to the Swamp.
 18817 | Lair:2   | Reached skill level 10 in Invocations
 18818 | Lair:2   | Reached XP level 13. HP: 120/132 MP: 11/20
 19101 | Lair:2   | Found a staircase to the Snake Pit.
 19276 | Lair:3   | Was placed under penance by Elyvilon
 19883 | Temple   | Fell from the grace of Elyvilon
 19883 | Temple   | Became a worshipper of the Shining One
 19883 | Temple   | Reached * piety under the Shining One
 19883 | Temple   | Reached ** piety under the Shining One
 19883 | Temple   | Reached *** piety under the Shining One
 21491 | Lair:3   | Noticed Fannar
 21526 | Lair:3   | Killed Fannar
 22101 | Lair:4   | Reached skill level 5 in Shields
 22112 | Lair:4   | Found a staircase to the Slime Pits.
 23546 | Lair:5   | Entered Level 5 of the Lair of Beasts
 23906 | Lair:5   | Reached **** piety under the Shining One
 24361 | Lair:5   | Reached XP level 14. HP: 112/141 MP: 20/23
 24554 | Lair:5   | Reached skill level 10 in Fighting
 24771 | Lair:5   | Reached skill level 11 in Fighting
 24845 | Lair:5   | Reached skill level 1 in Armour
 25681 | Lair:5   | Identified the +1 robe of the Devil's Advocate {Dex+3}
 25757 | Lair:5   | Found a stormy altar of Qazlal.
 26902 | Orc:1    | Entered Level 1 of the Orcish Mines
 27006 | Orc:1    | Was placed under penance by the Shining One
 27030 | Orc:1    | Found Dofu's General Store.
 28604 | Orc:2    | Entered Level 2 of the Orcish Mines
 28973 | Orc:2    | Noticed Jorgrun
 29146 | Orc:1    | Killed Jorgrun
 29640 | Orc:2    | Reached skill level 15 in Axes
 30540 | Orc:2    | Found a staircase to the Elven Halls.
 30670 | Orc:2    | Reached XP level 15. HP: 141/153 MP: 24/24
 31934 | Orc:2    | Paralysed by an orc sorcerer for 2 turns
 33876 | Orc:2    | Paralysed by an orc sorcerer for 3 turns
 33898 | Orc:2    | Was forgiven by the Shining One
 34200 | Orc:2    | Found Tinufif's Antique Armour Boutique.
 34200 | Orc:2    | Found Zinij's Armour Emporium.
 34202 | Orc:2    | Found Qehegip's Armour Emporium.
 34202 | Orc:2    | Found Ymeeh's Jewellery Boutique.
 34340 | D:12     | Found Ritiff's Jewellery Boutique.
 35142 | D:12     | Found Wirgheme's Armour Emporium.
 37211 | D:14     | Found a flickering gateway to a bazaar.
 37217 | Bazaar   | Entered a bazaar
 37217 | Bazaar   | Found Cunkiys's Weapon Shoppe.
 37217 | Bazaar   | Found Ikaogig's Armour Emporium.
 37220 | Bazaar   | Found Zaohaw's Armour Emporium.
 37229 | Bazaar   | Bought the +0 mask of the Dragon {Will+ Slay+3 SInv} for
                  | 267 gold pieces
 37229 | Bazaar   | Found the +0 mask of the Dragon {Will+ Slay+3 SInv}
 37241 | Bazaar   | Found Holuzoije's Antique Armour Shoppe.
 37295 | D:14     | Found a gate to the Vaults.
 38145 | D:14     | Gained mutation: You frequently scream uncontrollably at
                  | your foes. [a neqoxec]
 38154 | D:14     | Reached ***** piety under the Shining One
 38398 | D:14     | Found an ornate altar of the Wu Jian Council.
 38480 | D:14     | Reached skill level 12 in Fighting
 39052 | D:15     | Entered Level 15 of the Dungeon
 39166 | D:15     | Noticed Agnes
 39183 | D:15     | Killed Agnes
 39625 | D:15     | Reached XP level 16. HP: 167/167 MP: 24/26
 39746 | D:15     | Reached skill level 13 in Fighting
 39788 | D:15     | Found a staircase to the Depths.
 40517 | D:15     | Reached skill level 14 in Fighting
 40914 | Swamp:1  | Entered Level 1 of the Swamp
 40945 | Swamp:1  | Reached skill level 15 in Invocations
 42910 | Swamp:1  | Reached skill level 15 in Fighting
 43479 | Swamp:1  | Learned a level 1 spell: Apportation
 44469 | Swamp:2  | Noticed Donald
 44497 | Swamp:2  | Killed Donald
 44966 | Swamp:2  | Noticed Nikola
 44985 | Swamp:2  | Killed Nikola
 45614 | Swamp:2  | Noticed Roxanne
 45621 | Swamp:2  | Reached skill level 16 in Fighting
 45639 | Swamp:2  | Killed Roxanne
 45640 | Swamp:2  | Reached skill level 5 in Armour
 46006 | Swamp:3  | Found a shimmering altar of Xom.
 46401 | Swamp:3  | Noticed Mara
 46544 | Swamp:2  | Reached XP level 17. HP: 179/187 MP: 26/29
 46780 | Snake:1  | Entered Level 1 of the Snake Pit
 49360 | Snake:1  | Identified the +4 war axe of Pestilence {flame, Int+3}
 50032 | Snake:2  | Noticed Vashnia
 50056 | Snake:1  | Killed Vashnia
 50057 | Snake:1  | Reached skill level 10 in Shields
 50741 | Snake:2  | Found Ufran's Armour Boutique.
 50743 | Snake:2  | Found Mifet's Armour Shop.
 50745 | Snake:2  | Found Eranwa's Jewellery Boutique.
 51822 | Snake:2  | Identified the +2 sling "Xepreug" {drain, Fly rPois Will+
                  | Int+5}
 52314 | Snake:3  | Identified the serpent talisman "Nylumor" {rF- Str+2 Dex-4
                  | Slay+4}
 52314 | Snake:3  | Noticed Aizul
 52331 | Snake:2  | Killed Aizul
 54484 | Snake:3  | Reached XP level 18. HP: 180/198 MP: 30/30
 55282 | Snake:3  | Found Kihuynen's Armour Boutique.
 55933 | Snake:3  | Reached ****** piety under the Shining One
 56295 | Snake:4  | Entered Level 4 of the Snake Pit
 56368 | Snake:4  | Found Myreh's Jewellery Shoppe.
 56558 | Snake:4  | Reached skill level 10 in Armour
 58245 | Snake:4  | Reached skill level 17 in Fighting
 59294 | Snake:4  | Reached skill level 18 in Fighting
 59772 | Snake:4  | Reached skill level 19 in Fighting
 59772 | Snake:4  | Reached XP level 19. HP: 189/215 MP: 31/31
 59952 | Snake:4  | Got a serpentine rune of Zot
 60277 | Swamp:4  | Entered Level 4 of the Swamp
 60400 | Swamp:3  | Noticed gosagan's illusion
 60905 | Elf:1    | Entered Level 1 of the Elven Halls
 60991 | Elf:1    | Found Kecoh's Antique Armour Emporium.
 61220 | Elf:1    | Reached skill level 20 in Fighting
 62379 | Elf:2    | Reached skill level 21 in Fighting
 62714 | Elf:2    | Found a runed translucent gate.
 62714 | Elf:2    | Found a runed translucent gate.
 62714 | Elf:2    | Found a runed translucent gate.
 62848 | Elf:2    | Found Kegaodgh's Jewellery Emporium.
 62868 | Elf:2    | Bought the ring "Quelenno" {rC++ rCorr MP-9 Dex-2 Stlth+}
                  | for 411 gold pieces
 63106 | Elf:2    | Found a runed translucent gate.
 63106 | Elf:2    | Found a runed translucent gate.
 63106 | Elf:2    | Found a runed translucent gate.
 64220 | Elf:3    | Entered Level 3 of the Elven Halls
 64534 | D:10     | Killed Griffin23's ghost
 65282 | Swamp:3  | Killed Mara
 65283 | Swamp:3  | Reached skill level 1 in Evocations
 66136 | Swamp:4  | Reached XP level 20. HP: 213/234 MP: 33/33
 66513 | Swamp:4  | Reached skill level 5 in Dodging
 66606 | Swamp:4  | Noticed Louise
 66649 | Swamp:4  | Killed Louise
 69073 | Swamp:4  | Identified the +6 plate armour of Xom's Supremacy {Str+3
                  | Int+4 Dex-3}
 70243 | Swamp:4  | Got a decaying rune of Zot
 70575 | Vaults:1 | Entered Level 1 of the Vaults
 70933 | Vaults:1 | Reached skill level 22 in Fighting
 71967 | Vaults:1 | Reached skill level 23 in Fighting
 73203 | Vaults:2 | Reached skill level 24 in Fighting
 73722 | Vaults:2 | Reached XP level 21. HP: 254/254 MP: 31/34
 74152 | Vaults:2 | Reached skill level 25 in Fighting
 74505 | Vaults:2 | Found a staircase to the Crypt.
 74553 | Vaults:2 | Noticed Yhagabbo's ghost (adept DrCj)
 74555 | Vaults:2 | Found a runed translucent gate.
 74556 | Vaults:2 | Found a runed translucent gate.
 74556 | Vaults:2 | Found a runed translucent gate.
 74556 | Vaults:2 | Identified the +4 chain mail of the Moon Troll {*Corrode
                  | Int+4 Dex+2}
 74557 | Vaults:2 | Identified the amulet "Jibofuon" {RegenMP+ Slay+3}
 74559 | Vaults:2 | Found a roughly hewn altar of Beogh.
 74724 | Vaults:2 | Found Duzant's General Store.
 74745 | Vaults:2 | Bought a potion of curing for 54 gold pieces
 75024 | Vaults:2 | Reached skill level 26 in Fighting
 75850 | Vaults:3 | Noticed Bai Suzhen
 75905 | Vaults:2 | Killed Bai Suzhen
 76017 | Vaults:3 | Found a runed translucent door.
 76019 | Vaults:3 | Noticed jasper's ghost (adept DsFi)
 76135 | Vaults:3 | Reached skill level 27 in Fighting
 77072 | Vaults:4 | Found Enafon's Armour Boutique.
 77074 | Vaults:4 | Found Dorext's General Store.
 77074 | Vaults:4 | Found Kidimog's Weapon Shop.
 77113 | Vaults:4 | Bought a potion of curing for 42 gold pieces
 77136 | Vaults:4 | Paralysed by a formless jellyfish for 1 turns
 77437 | Vaults:4 | Noticed Xtahua
 77442 | Vaults:4 | Paralysed by Xtahua for 5 turns
 77970 | Vaults:4 | Reached XP level 22. HP: 238/275 MP: 36/36
 78039 | Vaults:4 | Killed Xtahua
 78561 | Vaults:4 | Found Kydely's Antique Armour Boutique.
 78609 | Vaults:4 | Identified the +0 leather armour of Jofuh {Int+5 Dex+3}
 79123 | Vaults:4 | Found Dawneush's Magic Scroll Shoppe.
 79135 | Vaults:4 | Bought a scroll of enchant armour for 112 gold pieces
 80058 | Depths:1 | Entered Level 1 of the Depths
 80483 | Depths:1 | Found a runed translucent door.
 80483 | Depths:1 | Noticed Cein's ghost (veteran DgCj)
 80928 | Depths:1 | Paralysed by an air elemental for 1 turns
 80936 | Depths:1 | Paralysed by an air elemental for 1 turns
 81174 | Depths:1 | Identified the +0 leather armour of Ethics {Harm rN+ rCorr}
 81478 | Depths:1 | Found a gateway to Hell.
 81725 | Depths:2 | Found a one-way gate to the infinite horrors of the Abyss.
 82349 | Depths:2 | Reached XP level 23. HP: 243/284 MP: 30/39
 82379 | Depths:2 | Noticed a caustic shrike
 82401 | Depths:1 | Killed a caustic shrike
 83033 | Depths:2 | Noticed a caustic shrike
 83050 | Depths:2 | Killed a caustic shrike
 84262 | Orc:1    | Bought a scroll of enchant weapon for 97 gold pieces
 84262 | Orc:1    | Bought a scroll of revelation for 97 gold pieces
 84263 | Orc:1    | Identified a +4 broad axe of holy wrath (a +2 heavy broad
                  | axe blessed by the Shining One)
 84263 | Orc:1    | Received a gift from the Shining One
 85106 | Crypt:1  | Entered Level 1 of the Crypt
 87271 | Depths:2 | Found a one-way gate leading to the halls of Pandemonium.
 87372 | Depths:2 | Identified the +6 lajatang of Valiance {freeze, ^Fragile
                  | rPois rC++}
 87381 | Depths:2 | Noticed a juggernaut
 87399 | Depths:2 | Killed a juggernaut
 87417 | Depths:2 | Noticed a caustic shrike
 87430 | Depths:2 | Killed a caustic shrike
 88349 | Depths:2 | Reached XP level 24. HP: 273/295 MP: 30/39
 88836 | Depths:3 | Found a one-way gateway to a ziggurat.
 89417 | Depths:3 | Found a white marble altar of Elyvilon.
 89543 | Depths:3 | Found a portal to a secret trove of treasure.
 89924 | Depths:4 | Entered Level 4 of the Depths
 90037 | Depths:4 | Found a gate to the Realm of Zot.
 91596 | Elf:3    | Found Vosoodo's Antique Weapon Shoppe.
 92190 | Elf:3    | Noticed Asterion
 92203 | Elf:3    | Killed Asterion
 92440 | Elf:3    | Paralysed by an air elemental for 1 turns
 92442 | Elf:3    | Paralysed by an air elemental for 1 turns
 92446 | Elf:3    | Paralysed by an air elemental for 1 turns
 92504 | Elf:3    | Noticed Saint Roka
 92541 | Elf:3    | Killed Saint Roka
 92756 | Elf:3    | Reached skill level 15 in Armour
 93188 | Elf:3    | Identified the ring "Funkozy" {*Slow rF++ rN++ Int+6}
 93298 | Elf:3    | Identified the ring "Enny" {rElec rF+ rC+ Dex-2}
 93592 | Elf:3    | Got Xealalust's Path to Witchery
 93742 | Elf:3    | Got the Lectures on the Hiemal Bonfire
 93744 | Elf:3    | Identified the +7 chain mail of Nemelex Xobeh's Hatred
                  | {Harm rF+ Will+ Int-2}
 93776 | Elf:3    | Identified the ring "Poprik" {Fire rPois rCorr MP-9 Str+2}
 95403 | Depths:4 | Found Tofomaehu's Book Shop.
 95403 | Depths:4 | Found Xiciutt's Jewellery Shoppe.
 95405 | Depths:4 | Found Saqyl's Book Shop.
 95904 | Depths:4 | Reached XP level 25. HP: 304/304 MP: 21/39
 96102 | Depths:4 | Found a snail-covered altar of Cheibriados.
 96161 | Depths:4 | Found a broken altar of Ashenzari.
 96901 | Slime:1  | Entered Level 1 of the Pits of Slime
 96906 | Slime:1  | Gained mutation: You are clumsy. (Dex -2) [a shining eye]
 96908 | Slime:1  | Gained mutation: Armour fits poorly on your strangely
                  | shaped body. [a shining eye]
 96910 | Slime:1  | Gained mutation: You are occasionally teleported next to
                  | monsters. [a shining eye]
 96925 | Lair:4   | Gained mutation: Your body sometimes deteriorates upon
                  | taking damage. [a shining eye]
 97062 | Lair:4   | Lost mutation: You are occasionally teleported next to
                  | monsters. [potion of mutation]
 97062 | Lair:4   | Lost mutation: You frequently scream uncontrollably at your
                  | foes. [potion of mutation]
 97062 | Lair:4   | Gained mutation: You are robust. (+10% HP) [potion of
                  | mutation]
 97062 | Lair:4   | Gained mutation: You have sharp toenails. [potion of
                  | mutation]
 97063 | Lair:4   | Lost mutation: You occasionally shout uncontrollably at
                  | your foes. [potion of mutation]
 97063 | Lair:4   | Lost mutation: You possess an exceptional clarity of mind.
                  | [potion of mutation]
 97063 | Lair:4   | Lost mutation: Armour fits poorly on your strangely shaped
                  | body. [potion of mutation]
 97063 | Lair:4   | Gained mutation: You are occasionally teleported next to
                  | monsters. [potion of mutation]
 97063 | Lair:4   | Gained mutation: You are covered in fur. (AC +1) [potion of
                  | mutation]
 97064 | Lair:4   | Lost mutation: You are clumsy. (Dex -2) [potion of
                  | mutation]
 97064 | Lair:4   | Lost mutation: You are robust. (+10% HP) [potion of
                  | mutation]
 97064 | Lair:4   | Gained mutation: You are covered in thick fur. (AC +2)
                  | [potion of mutation]
 97064 | Lair:4   | Gained mutation: You are dopey. (Int -2) [potion of
                  | mutation]
 97064 | Lair:4   | Gained mutation: Your health recovers twice as slowly from
                  | being drained. [potion of mutation]
 97064 | Lair:4   | Gained mutation: Your muscles are strong. (Str +4, Int/Dex
                  | -1) [potion of mutation]
 97065 | Lair:4   | Lost mutation: You are occasionally teleported next to
                  | monsters. [potion of mutation]
 97065 | Lair:4   | Lost mutation: You have sharp toenails. [potion of
                  | mutation]
 97065 | Lair:4   | Gained mutation: Your muscles are very strong. (Str +8,
                  | Int/Dex -2) [potion of mutation]
 97065 | Lair:4   | Gained mutation: You have hidden genetic potential. [potion
                  | of mutation]
 97065 | Lair:4   | Gained mutation: Your flesh is heat resistant. (rF+)
                  | [potion of mutation]
 97066 | Lair:4   | Lost mutation: Your muscles are very strong. (Str +8,
                  | Int/Dex -2) [potion of mutation]
 97066 | Lair:4   | Lost mutation: Your body sometimes deteriorates upon taking
                  | damage. [potion of mutation]
 97066 | Lair:4   | Lost mutation: Your muscles are strong. (Str +4, Int/Dex
                  | -1) [potion of mutation]
 97066 | Lair:4   | Gained mutation: You are partially covered in iridescent
                  | scales. (AC +2) [potion of mutation]
 97299 | Slime:2  | Noticed Dissolution
 97308 | Slime:2  | Killed Dissolution
 97617 | Slime:2  | Gained mutation: You are vulnerable to cold. (rC-) [a
                  | shining eye]
 97842 | Slime:3  | Gained mutation: You are frail. (-10% HP) [a shining eye]
 97848 | Slime:3  | Gained mutation: Your body sometimes deteriorates upon
                  | taking damage. [a shining eye]
 97861 | Slime:3  | Lost mutation: You have hidden genetic potential. [potion
                  | of mutation]
 97861 | Slime:3  | Lost mutation: Your health recovers twice as slowly from
                  | being drained. [potion of mutation]
 97861 | Slime:3  | Gained mutation: You have sharp toenails. [potion of
                  | mutation]
 97861 | Slime:3  | Gained mutation: You are mostly covered in iridescent
                  | scales. (AC +4) [potion of mutation]
 97862 | Slime:3  | Lost mutation: You are covered in thick fur. (AC +2)
                  | [potion of mutation]
 97862 | Slime:3  | Lost mutation: You are mostly covered in iridescent scales.
                  | (AC +4) [potion of mutation]
 97862 | Slime:3  | Gained mutation: You occasionally lose the ability to read
                  | scrolls when taking damage. [potion of mutation]
 97862 | Slime:3  | Gained mutation: Your movements are slightly less
                  | encumbered by armour. (ER -2) [potion of mutation]
 97862 | Slime:3  | Gained mutation: You have razor-sharp toenails. [potion of
                  | mutation]
 97862 | Slime:3  | Gained mutation: Your muscles are strong. (Str +4, Int/Dex
                  | -1) [potion of mutation]
 97885 | Slime:3  | Paralysed by a formless jellyfish for 1 turns
 98083 | Slime:3  | Lost mutation: Your flesh is heat resistant. (rF+) [potion
                  | of mutation]
 98083 | Slime:3  | Lost mutation: You are frail. (-10% HP) [potion of
                  | mutation]
 98083 | Slime:3  | Lost mutation: You have razor-sharp toenails. [potion of
                  | mutation]
 98083 | Slime:3  | Gained mutation: You passively dampen the noise of your
                  | surroundings. [potion of mutation]
 98084 | Slime:3  | Lost mutation: Your movements are slightly less encumbered
                  | by armour. (ER -2) [potion of mutation]
 98084 | Slime:3  | Lost mutation: You are partially covered in iridescent
                  | scales. (AC +2) [potion of mutation]
 98084 | Slime:3  | Lost mutation: Your muscles are strong. (Str +4, Int/Dex
                  | -1) [potion of mutation]
 98084 | Slime:3  | Gained mutation: Your muscles are strong. (Str +4, Int/Dex
                  | -1) [potion of mutation]
 98084 | Slime:3  | Gained mutation: You have a pair of horns on your head.
                  | [potion of mutation]
 98084 | Slime:3  | Gained mutation: You are partially covered in iridescent
                  | scales. (AC +2) [potion of mutation]
 98085 | Slime:3  | Lost mutation: You have sharp toenails. [potion of
                  | mutation]
 98085 | Slime:3  | Lost mutation: You passively dampen the noise of your
                  | surroundings. [potion of mutation]
 98085 | Slime:3  | Lost mutation: Your body sometimes deteriorates upon taking
                  | damage. [potion of mutation]
 98085 | Slime:3  | Gained mutation: You have large cloven feet. [potion of
                  | mutation]
 98546 | Slime:5  | Entered Level 5 of the Pits of Slime
 98585 | Slime:5  | Found a viscous altar of Jiyva.
 98586 | Slime:5  | Noticed the Royal Jelly
 98616 | Slime:5  | Killed the Royal Jelly
 98632 | Slime:5  | HP: 13/304 [rockslime[the Royal Jelly] (27)]
 99346 | Slime:5  | Got a slimy rune of Zot
 99370 | Slime:5  | Identified the ring of Weclau {rF++ Will+ rCorr Dex+6}
 99386 | Slime:5  | Found the ring of the Hare {EV+10}
 99533 | Lair:4   | Lost mutation: You have large cloven feet. [potion of
                  | mutation]
 99533 | Lair:4   | Lost mutation: You are covered in fur. (AC +1) [potion of
                  | mutation]
 99533 | Lair:4   | Lost mutation: You have a pair of horns on your head.
                  | [potion of mutation]
 99533 | Lair:4   | Lost mutation: Your muscles are strong. (Str +4, Int/Dex
                  | -1) [potion of mutation]
 99533 | Lair:4   | Lost mutation: You are dopey. (Int -2) [potion of mutation]
 99868 | Zot:1    | Entered Level 1 of the Realm of Zot
102120 | Zot:1    | Identified the ring of Muysidoy {Ice Stlth+}
102120 | Zot:1    | Noticed Josephina
102527 | Zot:1    | Killed Josephina
103286 | Zot:1    | Noticed Parghit
103314 | Zot:1    | Identified the +0 tower shield of Compression {Stlth+}
103328 | Zot:1    | Killed Parghit
103488 | Zot:1    | Found the +4 dragonskin cloak {Aegis}
103488 | Zot:1    | Noticed Tiamat
104374 | Zot:1    | Reached XP level 26. HP: 237/314 MP: 21/39
104573 | Zot:1    | Killed Tiamat
105151 | Zot:1    | You fall into a shaft and drop 1 floor!
107715 | Crypt:3  | Entered Level 3 of the Crypt
110178 | Zot:3    | Noticed an orb of fire
110197 | Zot:2    | Gained mutation: You occasionally lose the ability to drink
                  | potions when taking damage. [an orb of fire]
110206 | Zot:2    | Gained mutation: You have a somewhat thin skeletal
                  | structure. (Dex +2, Stealth+) [an orb of fire]
110209 | Zot:2    | Killed an orb of fire
110514 | Zot:2    | Lost mutation: You are partially covered in iridescent
                  | scales. (AC +2) [potion of mutation]
110514 | Zot:2    | Lost mutation: You occasionally lose the ability to read
                  | scrolls when taking damage. [potion of mutation]
110514 | Zot:2    | Lost mutation: You are vulnerable to cold. (rC-) [potion of
                  | mutation]
110514 | Zot:2    | Gained mutation: You have sharp toenails. [potion of
                  | mutation]
110514 | Zot:2    | Gained mutation: You passively map a small area around you.
                  | [potion of mutation]
110514 | Zot:2    | Gained mutation: You have a pair of horns on your head.
                  | [potion of mutation]
110636 | Zig:1    | Entered Level 1 of a ziggurat
110654 | Zig:2    | Entered Level 2 of a ziggurat
110808 | Zig:3    | Entered Level 3 of a ziggurat
110939 | Zig:4    | Entered Level 4 of a ziggurat
110945 | Zig:4    | Reached skill level 15 in Shields
111943 | Zot:3    | Reached XP level 27. HP: 313/323 MP: 21/39
113833 | Zot:5    | Entered Level 5 of the Realm of Zot
114667 | Zot:4    | Found a transporter.
114699 | Zot:4    | Found a transporter.
114807 | Zot:4    | Acquired 614 gold pieces
115471 | Zot:4    | Found a transporter.
117680 | Zot:5    | Noticed an orb of fire
117681 | Zot:5    | Gained mutation: You are vulnerable to cold. (rC-) [an orb
                  | of fire]
117684 | Zot:5    | Gained mutation: Your magical capacity is low. (-10% MP)
                  | [an orb of fire]
117701 | Zot:5    | Killed an orb of fire
118284 | Zot:5    | Paralysed by a Zot trap for 5 turns
120174 | Zot:5    | Noticed a dread lich
120187 | Zot:5    | Killed a dread lich
120228 | Zot:5    | Got the Orb of Zot
120298 | Zot:5    | Noticed Xasy the pandemonium lord
120758 | Depths:1 | Noticed Geepp the pandemonium lord
120916 | D:13     | Noticed Mikuema the pandemonium lord
120924 | D:13     | Paralysed by Mikuema for 1 turns
121059 | D:10     | Noticed Tal Waih the pandemonium lord
121296 | D:4      | Noticed Pegh the pandemonium lord
121296 | D:4      | Noticed an ancient lich
121307 | D:3      | Killed an ancient lich
121467 | D:$      | Escaped with the Orb!

Illustrated notes

Levels and vault maps discovered:
D:1:      dpeg_arrival_court, layout_loops_ring
D:2:      layout_rooms, serial_corexii_hall, chequers_hall_statues_y,
          chequers_hall_statues_y, corexii_hall_statues_s,
          chequers_hall_statues_y, uniq_jessica, uniq_robin
D:3:      layout_loops_corners, grunt_temple_overflow_cloverleaf, uniq_natasha
D:4:      layout_cave_pools, nicolae_letterblocks [nicolae_letter_subblock,
          nicolae_letter_subblock, nicolae_letter_subblock,
          nicolae_letter_subblock, nicolae_letter_subblock,
          nicolae_letter_subblock, nicolae_letter_subblock,
          nicolae_letter_subblock, nicolae_letter_subblock,
          nicolae_letter_subblock, nicolae_letter_subblock,
          nicolae_letter_subblock, nicolae_letter_subblock,
          nicolae_letter_subblock, nicolae_letter_subblock,
          nicolae_letter_subblock, nicolae_letter_subblock,
          nicolae_letter_subblock, nicolae_letter_subblock,
          nicolae_letter_subblock, nicolae_letter_subblock,
          nicolae_letter_subblock, nicolae_letter_subblock,
          nicolae_letter_subblock, nicolae_letter_subblock], uniq_pikel
D:5:      layout_loops_corners, minmay_temple_entry_ruins,
          eino_small_chamber_without_monster
D:6:      layout_layer_cave, nicolae_specific_store, uniq_jeremiah
D:7:      layout_gridville, serial_undead, serial_undead_d, serial_undead_f,
          serial_undead_e, serial_undead_c, serial_undead_c, serial_undead_b,
          serial_undead_c, enter_bailey_2, nrook_campfire,
          minmay_misc_feat_tower, minmay_manual_mullet
D:8:      layout_loops_ring, mainiacjoe_overflow_two_lobes, david_lair_shrubbed,
          minmay_strange_pillars
D:9:      layout_loops_ring, serial_shops, nicolae_shop_waterfront,
          nzn_ghost_randoct, kennysheep_crisscross, kennysheep_just_a_vault
D:10:     layout_basic, zombieorc1_lemuel, ebering_ghost_inner_flame,
          uniq_harold, uniq_snorg, uniq_maggie
D:11:     layout_roguey, zin_purify
D:12:     layout_big_octagon, serial_shops, nicolae_lakefront_shop,
          nicolae_shop_gaudy_bauble, kennysheep_generic_room_14
D:13:     layout_roguey
D:14:     layout_small_grid, hellmonk_vaults_attempted_burglary, serial_demonic,
          serial_demonic_b, serial_demonic_e, serial_demonic_e,
          serial_demonic_c, serial_shops, freezing_bzr,
          pdpol_wu_jian_five_deadly_venoms, st_stairs_4, minmay_misc_feat_x
D:15:     grunt_enter_depths_magical_seal, layout_basic,
          hangedman_decor_growths, kennysheep_kite_vault, uniq_agnes
Temple:   nicolae_temple_x_marks_the_god
Lair:1:   layout_cave_pods, gauntlet_entry_generic
Lair:2:   layout_gridlike, minmay_swamp_entry_eels, dummy_snake_entry,
          portal_ice_cave_entry_ice_simulacra, serial_bayou_shore_b
Lair:3:   layout_cellular_growth, grunt_forest_large_clearing_hut, uniq_fannar
Lair:4:   layout_loops_ring, slime_entry_1
Lair:5:   evilmike_catoblepas_cave, layout_regular_city, basic_altar,
          st_stairs_12
Swamp:1:  layout_falls_marsh, evilmike_swamp_ruin_house_5, swamp_pool_1_2,
          nicolae_swamp_catching_bugs
Swamp:2:  layout_basic_swamp, hangedman_swamp_blocks, uniq_donald, uniq_nikola,
          uniq_roxanne
Swamp:3:  layout_falls_marsh, basic_altar, uniq_mara
Swamp:4:  swamp, layout_basic_swamp, uniq_louise
Snake:1:  layout_honeycomb, nicolae_snake_scaly_snakehead, serial_bayou_shore_b,
          nicolae_triple_integral
Snake:2:  layout_misc_corridors, drop_trap, serial_bayou_shore_b,
          minmay_shop_star, uniq_vashnia
Snake:3:  layout_onion, serial_shops, shop, nicolae_snake_naga_rites, uniq_aizul
Snake:4:  snake_pit_salamanders_mu, layout_gridlike, serial_shops,
          nicolae_shop_stone, nicolae_snake_double_loop,
          nicolae_snake_coiling_death
Slime:1:  layout_caves, nicolae_slime_barrier
Slime:2:  layout_caves, dissolution_awaits
Slime:3:  layout_caves
Slime:4:  layout_caves
Slime:5:  slime_pit_nicolae_block_by_block
Orc:1:    layout_caves, serial_shops, shop
Orc:2:    grunt_orc_tribal_feast, layout_caves, uniq_jorgrun
Elf:1:    layout_gridlike, serial_shops, shop, nicolae_elf_shapeshifter_party
Elf:2:    nicolae_elf_blades_crystal_corner, layout_geoelf_diagonals,
          serial_shops, nicolae_shop_rolling_square,
          hangedman_elf_power_crystal, hex_tiny, nicolae_elf_hall_of_bonks
Elf:3:    minmay_elf_hall_hex, layout_loops_ring, serial_shops, shop,
          uniq_asterion, uniq_saint_roka
Vaults:1: v_misc_15, vaults_room_corners, nicolae_vaults_trapezoid_2,
          grunt_vaults_twisty, nicolae_vaults_six-pack, layout_vaults_omnigrid
Vaults:2: biasface_ghost_orc_armoury, ontoclasm_vaults_chip,
          blue_anna_dwarven_crypt, hangedman_vaults_variations,
          ontoclasm_vaults_tryst, nicolae_vaults_heist,
          nicolae_vaults_oval_intersection, vaults_room_door_hall,
          nicolae_vaults_specimen_jars, nicolae_vaults_tangram_1, v_pattern_4,
          ontoclasm_vaults_fault, minmay_orc_keep, layout_vaults_ring,
          serial_shops, shop
Vaults:3: ebering_ghost_reflecting_pool, nicolae_vaults_puzzle_piece, v_misc_8,
          v_rooms_5, nicolae_vaults_tangram_2, ontoclasm_vaults_decontamination,
          nicolae_vaults_rhombus_5, v_misc_14, ontoclasm_vaults_misaligned,
          nicolae_vaults_little_squares_4, nicolae_vaults_trapezoid_lopsided_3,
          vaults_dpeg_doors, ontoclasm_vaults_hangar,
          nicolae_vaults_ring_of_whatevers, layout_vaults_maze_bifur,
          uniq_bai_suzhen
Vaults:4: nicolae_vaults_offset_grid_hallway_2, nicolae_vaults_museum,
          nicolae_vaults_offset_grid_hallway_2, nicolae_vaults_arrows,
          vaults_room_grunt_arrival_ludios, nicolae_vaults_oval_intersection,
          nicolae_vaults_triangles, nicolae_vaults_closet_pinwheel_6,
          nicolae_vaults_more_shelving_1, hangedman_vaults_restitches,
          vaults_room_ringed_pool, nicolae_vaults_little_squares_1,
          nicolae_vaults_asterisk, vaults_room_stairs_pillars,
          nicolae_vaults_house_2, layout_vaults_omnibox, serial_shops,
          nicolae_shop_trees, shop, nicolae_shop_crystal, shop, shop,
          uniq_xtahua
Crypt:1:  layout_basic, special_room [special_room_morgue],
          grunt_crypt_arrival_guarded_gate
Crypt:2:  layout_chaotic_city, grunt_megastairs_4
Crypt:3:  church_of_pain_bobbens, layout_chaotic_city, uniq_jory
Depths:1: layout_gridlike, grunt_hell_entry_demonic_statue,
          gammafunk_ghost_grave, minmay_misc_feat_alley,
          dreamdust_looks_like_rain
Depths:2: hangedman_pleasuredromes, hell_entry, pan_entry, abyss_entry
Depths:3: impenetrable_vault, layout_cave_shapes, enter_ziggurat_e, hell_entry,
          elyvilon_altar_3, trove_entry_hex_spiral, abyss_entry,
          infiniplex_staircase_hallway_doors, serial_bayou_shore_b
Depths:4: grunt_zot_entry_funnels, layout_twisted_cross,
          pf_hell_entry_tar_river, evilmike_ruin_ashenzari, cheibriados_altar_1,
          minmay_shop_grove
Zot:1:    layout_concentric_octagons, grunt_ministairs_10,
          nicolae_lava_and_water, uniq_parghit, uniq_josephina, uniq_tiamat
Zot:2:    lemuel_acid_trip, layout_onion_interference
Zot:3:    layout_onion_interference, regret_index_zotdec_stipple_waver
Zot:4:    grunt_twist_and_shout, layout_onion_interference,
          regret_index_zotdec_iron_s, nicolae_transporter_intersection, uniq_vv
Zot:5:    layout_basic

Skill      XL: |  1  2  3  4  5  6  7  8  9 10 11 12 13 14 15 16 17 18 19 20 21 22 23 24 25 26 27 |
---------------+----------------------------------------------------------------------------------+-----
Summonings     | 4 5 6 7 8 9 11 | 11.0
Fire Magic     | 1 3 4 |  4.0
Spellcasting   | 5 |  5.0
Air Magic      | 2 |  2.0
Fighting       | 5 9 11 12 16 19 21 24 27 | 27.0
Invocations    | 4 10 12 13 16 18 20 24 25 | 25.1
Dodging        | 3 4 5 8 |  8.0
Axes           | 4 10 12 15 17 18 22 | 22.5
Shields        | 8 12 14 15 20 | 20.4
Armour         | 4 5 7 10 11 15 19 | 19.0
Evocations     | 2 4 |  4.0
Stealth        | |  1.4

Action                     |  1- 3 |  4- 6 |  7- 9 | 10-12 | 13-15 | 16-18 | 19-21 | 22-24 | 25-27 || total
---------------------------+-------+-------+-------+-------+-------+-------+-------+-------+-------++-------
  Melee: Unarmed           |    11 |     1 |       |       |       |       |       |       |       ||    12
         Headbutt          |     4 |       |     4 |    68 |   200 |   332 |   477 |   610 |   616 ||  2311
         Staff             |       |    12 |    39 |     5 |       |       |       |       |       ||    56
         Broad axe         |       |       |       |   301 |   721 |  1143 |  1286 |  1583 |  1587 ||  6621
         Kick              |       |       |       |       |       |       |       |       |   347 ||   347
  Throw: Dart              |       |       |       |     2 |       |       |       |       |       ||     2
         Throwing net      |       |       |       |       |     1 |       |       |       |       ||     1
         Boomerang         |       |       |       |       |       |       |       |       |     2 ||     2
   Cast: Summon Small Mamm |    34 |    29 |    41 |     4 |     1 |     1 |     1 |       |       ||   111
         Call Imp          |    17 |    30 |    16 |       |       |       |       |       |       ||    63
         Call Canine Famil |       |    24 |    24 |    23 |     4 |       |       |       |       ||    75
         Summon Lightning  |       |       |     7 |    91 |    30 |     2 |       |       |       ||   130
         Summon Blazeheart |       |       |     5 |    16 |    61 |    11 |       |       |       ||    93
 Invoke: Heal Self         |       |       |       |     1 |       |       |       |       |       ||     1
         Divine Shield     |       |       |       |       |     8 |    21 |    35 |    38 |    31 ||   133
         Cleansing Flame   |       |       |       |       |     6 |     2 |     1 |    18 |     9 ||    36
         Summon Divine War |       |       |       |       |     1 |       |       |       |     7 ||     8
         Brand Weapon With |       |       |       |       |       |       |       |     1 |       ||     1
  Evoke: Wand              |       |     2 |       |       |     4 |     3 |    84 |     7 |    39 ||   139
         Condenser vane    |       |       |       |       |     1 |       |       |       |       ||     1
         Gell's gravitambo |       |       |       |       |       |       |     1 |     2 |     2 ||     5
    Use: Scroll            |       |     9 |       |    13 |    10 |     5 |     5 |    16 |    34 ||    92
         Potion            |       |       |       |     9 |     5 |     7 |    12 |    15 |    43 ||    91
   Stab: Sleeping          |     2 |       |       |       |       |       |       |       |       ||     2
         Distracted        |       |       |       |     7 |       |       |       |       |       ||     7
 Armour: Robe              |    16 |    39 |    65 |    44 |       |       |       |       |       ||   164
         Steam dragon scal |       |       |       |   223 |   581 |       |       |       |       ||   804
         Swamp dragon scal |       |       |       |       |    81 |   933 |  1114 |   904 |       ||  3032
         Fire dragon scale |       |       |       |       |       |       |       |     8 |       ||     8
         Ice dragon scales |       |       |       |       |       |       |       |    36 |   411 ||   447
         Gold dragon scale |       |       |       |       |       |       |       |       |  1414 ||  1414
         Skin              |       |       |       |       |       |       |       |       |     1 ||     1
  Dodge: Dodged            |    18 |    32 |    76 |   294 |   419 |   392 |   420 |   205 |   178 ||  2034
  Block: Kite shield       |       |       |       |       |   540 |   382 |       |       |       ||   922
         Other             |       |       |       |       |     3 |       |       |       |       ||     3
         Tower shield      |       |       |       |       |       |   908 |  1848 |  1880 |  1744 ||  6380
         Reflection        |       |       |       |       |       |   142 |   165 |    40 |    43 ||   390

Table legend: (Time is in decaauts)
 A = Elapsed time spent in this place.
 B = Non-inter-level travel time spent in this place.
 C = Inter-level travel time spent in this place.
 D = Time resting spent in this place.
 E = Time spent auto-exploring this place.
 F = Levels seen in this place.
 G = Mean time per level.
                   A        B        C        D        E       F      G
               +--------+--------+--------+--------+--------+-----+--------+
         Total | 121310 | 111533 |   9777 |  57733 |  30336 |  62 | 1956.6 |
       Dungeon |  25831 |  21872 |   3959 |   6043 |  11366 |  15 | 1722.1 |
        Temple |     47 |     40 |      7 |      0 |      0 |   1 |   47.0 |
          Lair |  12028 |  11274 |    754 |   6163 |   3502 |   5 | 2405.6 |
         Swamp |  10941 |  10469 |    472 |   7562 |   1388 |   4 | 2735.2 |
     Snake Pit |  13170 |  12533 |    637 |   7825 |   2353 |   4 | 3292.5 |
    Slime Pits |   2435 |   2404 |     31 |   1761 |      0 |   5 |  487.0 |
  Orcish Mines |   6702 |   5981 |    721 |   4269 |    651 |   2 | 3351.0 |
   Elven Halls |   6629 |   6074 |    555 |   2533 |   1716 |   3 | 2209.7 |
        Vaults |  10095 |   9374 |    721 |   3648 |   3612 |   4 | 2523.8 |
         Crypt |   2156 |   1924 |    232 |    237 |    919 |   3 |  718.7 |
        Depths |  12030 |  11025 |   1005 |   6337 |   2402 |   4 | 3007.5 |
           Zot |  17119 |  16442 |    677 |  10677 |   1677 |   5 | 3423.8 |
      Ziggurat |    332 |    332 |      0 |    241 |      0 |   4 |   83.0 |
        Bazaar |     40 |     40 |      0 |      0 |      6 |   1 |   40.0 |
        Bailey |   1050 |   1050 |      0 |    288 |    412 |   1 | 1050.0 |
      Gauntlet |    696 |    696 |      0 |    146 |    332 |   1 |  696.0 |
               +--------+--------+--------+--------+--------+-----+--------+

Top non-repeatable levels by time:
   Zot:1: 4957 daAuts
   Orc:2: 4741 daAuts
   Zot:5: 4692 daAuts
    D:10: 3880 daAuts
 Snake:1: 3839 daAuts
Depths:4: 3705 daAuts
  Lair:2: 3611 daAuts
 Snake:2: 3543 daAuts
 Snake:4: 3485 daAuts
Depths:1: 3351 daAuts
 Swamp:2: 3162 daAuts
   Zot:2: 3066 daAuts
   Elf:2: 3032 daAuts
Vaults:2: 2978 daAuts
 Swamp:3: 2975 daAuts
